Map: Redshift LE

Players

TRUE - Winner!

  • Race: Zerg Zerg
  • Spawn Location: 7:00

LiquidTLO (TLO)

  • Race: Zerg Zerg
  • Spawn Location: 11:00

Event: WCS Austin 2018

VOD

Have the link to the VOD?

Description

Time

  • Played on: June 1, 2018, 2:24 p.m.
  • Length: 6:11

All games in this series

Show
View Real Time Build Order
Export as new Build Order

TRUE Zerg - Winner!

Build Orders: Hatch First, Zergling Baneling 

Get SALT Encoding   

  12  0:00  Drone  
  13  0:08  Drone  
  14  0:33  Hatchery  
  13  0:37  Drone  
  14  0:43  Overlord  
  14  0:50  Drone, Extractor  
  14  1:02  Drone  
  15  1:10  Spawning Pool  
  14  1:14  Drone  
  15  1:18  Drone  
  15  1:23  Drone  
  17  1:31  Drone  
  18  1:41  Drone  
  18  1:45  Drone  
  20  1:52  Drone  
  21  1:56  Metabolic Boost  
  21  1:58  Drone  
  22  2:03  Queen  
  24  2:13  Baneling Nest  
  23  2:16  Queen  
  25  2:25  Zergling x2  
  25  2:26  Zergling x2  
  25  2:27  Spine Crawler  
  25  2:29  Zergling x2  
  27  2:31  Zergling x2  
  27  2:37  Overlord  
  28  2:55  Zergling x10  
  28  2:57  Baneling x2  
  33  2:59  Zergling x2  
  34  3:06  Zergling x2  
  34  3:11  Overlord  
  34  3:12  Zergling x2  
  36  3:15  Baneling x2  
  36  3:18  Baneling x3  
  36  3:24  Overlord  
  36  3:26  Baneling  
  36  3:31  Zergling x6  
  36  3:33  Zergling x2  
  40  3:35  Zergling x2  
  41  3:41  Zergling x4  
  41  3:43  Zergling x2  
  37  3:50  Zergling x2  
  37  3:53  Zergling x2  
  39  3:56  Zergling x4  
  39  3:57  Zergling x6  
  39  3:58  Zergling x2  
  44  4:06  Zergling x2  
  44  4:08  Zergling x2  
  44  4:14  Zergling x2  
  43  4:18  Zergling x2  
  41  4:25  Zergling x2  
  41  4:28  Zergling x2  
  41  4:31  Baneling x2  
  39  4:36  Zergling x2  
  40  4:40  Zergling x2  
  40  4:41  Zergling x2  
  40  4:42  Zergling x2  
  42  4:46  Hatchery  
  42  4:48  Zergling x4  
  43  4:56  Baneling x3  
  43  4:57  Baneling x2  
  43  4:58  Baneling x2  
  43  5:00  Zergling x4  
  43  5:05  Zergling x2  
  43  5:06  Baneling  
  46  5:08  Zergling x2  
  46  5:10  Zergling x2  
  46  5:13  Zergling x2  
  48  5:15  Zergling x2  
  48  5:17  Zergling x2  
  48  5:19  Baneling  
  50  5:22  Zergling x2  
  50  5:26  Zergling x2  
  50  5:27  Zergling x2  
  50  5:29  Zergling x2  
  51  5:36  Zergling x2  
  51  5:38  Zergling x2  
  51  5:42  Baneling  
  52  5:46  Zergling x2  
  49  5:52  Zergling x2  
  49  5:53  Zergling x4  
Show
View Real Time Build Order
Export as new Build Order

LiquidTLO Zerg 

Build Orders: Hatch First, Zergling Baneling 

Get SALT Encoding   

  12  0:00  Drone  
  13  0:09  Drone  
  14  0:16  Overlord  
  14  0:35  Drone  
  15  0:36  Drone  
  16  0:47  Hatchery  
  15  0:52  Drone  
  15  0:55  Drone  
  17  0:59  Drone  
  18  1:06  Extractor  
  17  1:13  Spawning Pool  
  17  1:18  Drone  
  17  1:22  Drone  
  18  1:28  Drone  
  19  1:42  Overlord  
  19  1:55  Drone  
  19  1:59  Queen x2  
  24  2:03  Drone  
  24  2:07  Drone  
  26  2:11  Metabolic Boost  
  26  2:16  Zergling x2  
  26  2:17  Zergling x2  
  26  2:21  Drone  
  26  2:22  Zergling x2  
  30  2:27  Spine Crawler  
  29  2:31  Zergling x2  
  29  2:33  Zergling x2  
  29  2:37  Baneling Nest  
  30  2:42  Zergling x2  
  31  2:47  Zergling x2  
  32  2:56  Hatchery  
  32  2:58  Zergling x2  
  32  2:59  Zergling x2  
  32  3:03  Drone  
  34  3:07  Zergling x2  
  34  3:10  Zergling x2  
  36  3:14  Overlord  
  36  3:20  Baneling  
  36  3:21  Baneling x5  
  36  3:32  Zergling x2  
  36  3:33  Zergling x4  
  39  3:34  Zergling x2  
  39  3:39  Zergling x2  
  39  3:40  Zergling x2  
  42  3:47  Zergling x4  
  43  3:58  Zergling x2  
  43  3:59  Zergling x2  
  42  4:05  Drone  
  42  4:07  Drone  
  42  4:09  Zergling x2  
  43  4:15  Zergling x2  
  43  4:16  Zergling x2  
  41  4:21  Zergling x2  
  41  4:23  Zergling x2  
  39  4:24  Baneling x2  
  39  4:28  Zergling x2  
  34  4:32  Zergling x2  
  34  4:33  Zergling x2  
  34  4:37  Zergling x2  
  36  4:40  Baneling x2  
  36  4:42  Drone  
  37  4:46  Drone  
  37  4:48  Baneling  
  35  4:56  Roach Warren  
  35  4:59  Drone  
  35  5:02  Drone x2  
  35  5:05  Drone  
  38  5:14  Drone  
  39  5:16  Drone  
  39  5:17  Drone  
  39  5:18  Extractor  
  39  5:19  Baneling x2  
  39  5:20  Drone  
  40  5:21  Drone  
  40  5:25  Drone  
  39  5:33  Spine Crawler  
  39  5:35  Drone  
  37  5:42  Roach  
  33  5:50  Roach  
Tags
 
Add a new tag
Caveats
  • Supply blocks, unpowered buildings, or Contaminate may cause inaccurate times.
  • Supply counts are checked every 10 seconds.